 Dungeon Crawl Stone Soup version 0.23.2 (webtiles) character file.

Game seed: 5568534930231510993

4081 Borgoz the Slicer (level 10, -2/60 (61) HPs)
             Began as a Kobold Gladiator on Apr 11, 2019.
             Was a Follower of Ashenzari.
             Slain by a slime creature (3 damage)
             ... on level 9 of the Dungeon on Apr 12, 2019.
             The game lasted 00:25:09 (9244 turns).

Borgoz the Slicer (Kobold Gladiator)                Turns: 9244, Time: 00:25:10

HP:   -2/60 (61)    AC: 13    Str: 15    XL:     10   Next: 49%
MP:   13/13         EV: 18    Int:  9    God:    Ashenzari [*.....]
Gold: 509           SH:  3    Dex: 25    Spells: 8/9 levels left

rFire    + . .     SeeInvis +   t - +4 dagger
rCold    + . .     Gourm    .   (shield restricted)
rNeg     . . .     Faith    .   s - +1 scale mail {rPois}
rPois    +         Spirit   .   c - +0 helmet
rElec    .         Reflect  +   (no cloak)
rCorr    .         Harm     .   v - +1 pair of gloves "Mehoipt With" {rC+ Dex+8}
MR       .....                  d - +0 pair of boots
Stlth    +++.......             D - +3 amulet of reflection
HPRegen  0.20/turn              w - ring of see invisible (curse)
MPRegen  0.13/turn              A - ring of protection from fire

@: about to teleport, berserk cooldown, slowed, very slow
A: small, carnivore
a: Curse Item, Scrying, Renounce Religion


You were on level 9 of the Dungeon.
You worshipped Ashenzari.
Ashenzari was aware of your devotion.
You were completely stuffed.

You visited 2 branches of the dungeon, and saw 10 of its levels.

You collected 509 gold pieces.

Inventory:

Hand Weapons
 a - a +1 rapier
 t - a +4 dagger (weapon)
 C - a +2 dagger of freezing
Armour
 c - a +0 helmet (worn)
 d - a +0 pair of boots (worn)
 s - a +1 scale mail of poison resistance (worn)
 v - the +1 pair of gloves "Mehoipt With" (worn) {rC+ Dex+8}
   (You found it on level 6 of the Dungeon)

   It affects your dexterity (+8).
   It protects you from cold.
Jewellery
 g - an uncursed ring of protection from cold
 o - an uncursed ring of fire
 w - a cursed ring of see invisible (left hand)
 y - an uncursed ring of magical power
 A - a ring of protection from fire (right hand)
 D - a +3 amulet of reflection (around neck)
Wands
 m - a wand of flame (34)
 r - a wand of clouds (5)
Scrolls
 b - 2 scrolls of amnesia {unknown}
 e - 14 scrolls of remove curse
 h - 6 scrolls of teleportation
 j - 4 scrolls of enchant weapon
 p - a scroll of enchant armour {unknown}
 u - a scroll of vulnerability {unknown}
 x - a scroll of fog
 E - a scroll of magic mapping {unknown}
Potions
 i - 4 potions of curing
 k - a potion of ambrosia {unknown}
 l - a potion of cancellation
 n - a potion of flight
 q - a potion of mutation
 z - a potion of haste
 F - a potion of berserk rage
 G - a potion of brilliance {unknown}
Comestibles
 f - 16 rations
 B - 10 chunks of flesh


   Skills:
 + Level 6.6 Fighting
 + Level 8.4 Short Blades
 - Level 2.1 Throwing
 * Level 6.6 Armour
 + Level 7.6 Dodging
 + Level 7.7 Stealth
 + Level 0.4 Spellcasting
 + Level 0.3 Hexes
 - Level 5.0 Evocations


You had 8 spell levels left.
You knew the following spells:

 Your Spells              Type           Power        Failure   Level  Hunger
a - Confusing Touch       Hex            #.....       75%         1    ##.....

Your spell library contained the following spells:

 Spells                   Type           Power        Failure   Level  Hunger
 Animate Skeleton         Necr           N/A          78%         1    ##.....
 Apportation              Tloc           #.....       78%         1    ##.....
 Summon Small Mammal      Summ           #...         78%         1    ##.....
 Searing Ray              Conj           #.....       89%         2    ###....
 Death Channel            Necr           #.........   100%        6    #######


Dungeon Overview and Level Annotations

Branches:
Dungeon (9/15)             Temple (1/1) D:5
   Lair: D:8-11         Orc: D:9-12

Altars:
Ashenzari
Cheibriados
Dithmenos
Elyvilon
Fedhas
Gozag
Hepliaklqana
Kikubaaqudgha
Makhleb
Nemelex Xobeh
Okawaru
Qazlal
Ru
Sif Muna
Uskayaw
Vehumet
Wu Jian
Xom
Yredelemnul
Zin
The Shining One

Shops:
D:5 (!   D:8 =


Innate Abilities, Weirdness & Mutations

You are small and have problems with some larger weapons.
You are carnivorous and can eat meat at any time.


Message History

You hit the slime creature.
The slime creature is almost dead.
The slime creature hits you!
* * * LOW HITPOINT WARNING * * *
It was a potion of berserk rage.
A red film seems to cover your vision as you go berserk!
You feel yourself moving faster!
You feel mighty! The slime creature hits you!
* * * LOW HITPOINT WARNING * * *
The slime creature misses you.
You feel a strong urge to attack something.
You feel your anger nearly subside.
You are no longer berserk.
You are exhausted.
You feel yourself slow down.
Okay, then.
As you read the scroll of teleportation, it crumbles to dust.
You feel strangely unstable. The slime creature closely misses you.
The slime creature hits you.
* * * LOW HITPOINT WARNING * * *
The slime creature hits you.
You die...

#..........................
#.......................[..
#..........................
#.......................<..
#...........)..............
#..........................
#..........................
#........J...>.............
#........J@................
#.#########################
#. #


You could see 2 slime creatures.

Vanquished Creatures
  2 slime creatures
  A hungry ghost (D:8)
  2 water moccasins
  2 orc warriors
  3 sky beasts
  An ice beast (D:5)
  2 ogres
  A necrophage (D:8)
  2 phantoms
  3 centaurs
  6 bullfrogs
  A wyvern skeleton (D:7)
  A scorpion (D:5)
  2 killer bees (D:8)
  5 wights (D:6)
  2 howler monkeys
  2 crimson imps
  2 bullfrog zombies
  4 jellies
  2 centaur zombies
  3 hounds
  3 orc priests
  2 iguanas
  9 orc wizards
  8 worker ants
  A hound skeleton (D:5)
  8 gnolls
  9 adders
  A shadow imp (D:6)
  An ooze (D:2)
  An adder skeleton (D:8)
  An adder zombie (D:7)
  2 worms
  3 dart slugs
  3 leopard geckos
  31 orcs
  10 bats
  4 giant cockroaches
  2 goblins
  6 hobgoblins
  4 jackals (D:6)
  5 quokkas
  3 ball pythons
  4 frilled lizards
  12 kobolds
  A leopard gecko skeleton (D:6)
  A quokka zombie (D:5)
  5 rats
189 creatures vanquished.

Vanquished Creatures (others)
  An orc warrior (D:8)
  A big kobold (D:8)
  A bullfrog (D:8)
  A worker ant (D:8)
4 creatures vanquished.

Grand Total: 193 creatures vanquished

Notes
Turn   | Place    | Note
-------+----------+-------------------------------------------
     0 | D:1      | Borgoz the Kobold Gladiator began the quest for the Orb.
     0 | D:1      | Reached XP level 1. HP: 12/12 MP: 1/1
   110 | D:1      | Reached XP level 2. HP: 15/18 MP: 2/2
   404 | D:1      | Reached skill level 1 in Stealth
   611 | D:2      | Reached skill level 1 in Armour
   611 | D:2      | Reached XP level 3. HP: 22/22 MP: 3/3
   782 | D:2      | Found a sacrificial altar of Ru.
  1158 | D:2      | Reached XP level 4. HP: 23/27 MP: 4/4
  1742 | D:3      | Reached XP level 5. HP: 15/32 MP: 5/5
  1935 | D:3      | Found a shadowy altar of Dithmenos.
  2097 | D:3      | Found a white marble altar of Elyvilon.
  2735 | D:4      | Found a sparkling altar of Nemelex Xobeh.
  2745 | D:4      | Found a glowing silver altar of Zin.
  2749 | D:4      | Found a stormy altar of Qazlal.
  2799 | D:4      | Reached skill level 5 in Short Blades
  2799 | D:4      | Reached XP level 6. HP: 24/37 MP: 6/6
  3107 | D:4      | Noticed an ogre
  3118 | D:4      | Killed an ogre
  3137 | D:4      | Identified Sif Muna's Compendium of Evil Battle Magic
  3442 | D:5      | Entered Level 5 of the Dungeon
  3450 | D:5      | Noticed an ogre
  3458 | D:5      | Killed an ogre
  3458 | D:5      | Reached XP level 7. HP: 42/42 MP: 7/7
  3478 | D:5      | Found Radgh's Antique Weapon Shop.
  3495 | D:5      | Found a blossoming altar of Fedhas.
  3508 | D:5      | Found a sparkling altar of Nemelex Xobeh.
  3608 | D:5      | Reached skill level 5 in Dodging
  3882 | D:5      | Found a staircase to the Ecumenical Temple.
  3890 | Temple   | Entered the Ecumenical Temple
  4096 | Temple   | Became a worshipper of Ashenzari the Shackled
  4549 | D:5      | Found Ryhiadgh's Distillery.
  4569 | D:5      | Reached XP level 8. HP: 37/48 MP: 8/8
  4614 | D:5      | Reached skill level 6 in Short Blades
  5009 | D:6      | Reached skill level 1 in Evocations
  5326 | D:6      | Got the uncursed pair of gloves "Mehoipt With" {rC+ Dex+8}
  5471 | D:7      | Reached skill level 5 in Stealth
  5672 | D:6      | Identified the +1 pair of gloves "Mehoipt With" {rC+ Dex+8}
                  | (You found it on level 6 of the Dungeon)
  6041 | D:6      | Reached skill level 5 in Fighting
  6056 | D:6      | Reached XP level 9. HP: 43/54 MP: 10/10
  6121 | D:6      | Reached skill level 5 in Armour
  6170 | D:6      | Reached skill level 7 in Short Blades
  7362 | D:8      | Found Buluqah's Jewellery Shop.
  7420 | D:8      | Found a shimmering altar of Xom.
  7560 | D:8      | Reached XP level 10. HP: 60/60 MP: 13/13
  7673 | D:8      | Reached * piety under Ashenzari
  8039 | D:8      | Found a basalt altar of Yredelemnul.
  8427 | D:8      | Reached skill level 8 in Short Blades
  8931 | D:9      | Reached skill level 5 in Evocations
  9019 | D:9      | Learned a level 1 spell: Confusing Touch
  9119 | D:9      | Noticed a moth of wrath
  9244 | D:9      | HP: 1/60 [slime creature (4)]
  9244 | D:9      | Slain by a slime creature

Skill      XL: |  1  2  3  4  5  6  7  8  9 10 |
---------------+-------------------------------+-----
Stealth        | 1 2 3 4 5 6 7 |  7.7
Armour         | 1 2 3 4 5 6 |  6.6
Dodging        | 4 5 6 7 |  7.6
Fighting       | 3 4 5 6 |  6.6
Short Blades   | 5 6 7 8 |  8.4
Evocations     | 2 4 5 |  5.0
Throwing       | |  2.1
Spellcasting   | |  0.4
Hexes          | |  0.3

Action                   |  1- 3 |  4- 6 |  7- 9 | 10-12 || total
-------------------------+-------+-------+-------+-------++-------
Melee: Rapier            |   103 |   209 |   341 |       ||   653
       Dagger            |       |       |   239 |   319 ||   558
Throw: Throwing net      |       |     3 |     2 |       ||     5
Evoke: Wand              |       |       |     3 |     1 ||     4
  Use: Scroll            |       |       |    14 |     1 ||    15
       Potion            |       |       |     2 |     1 ||     3
 Stab: Paralysed         |     1 |       |       |       ||     1
       Held in net/web   |       |     2 |     1 |       ||     3
       Sleeping          |       |       |     5 |     4 ||     9
  Eat: Chunk             |     8 |     8 |    19 |     6 ||    41
Armor: Leather armour    |    17 |       |       |       ||    17
       Scale mail        |    29 |    65 |   151 |    77 ||   322
Dodge: Dodged            |   106 |   134 |   417 |   183 ||   840
Block: Other             |       |       |    13 |    27 ||    40
